 Dungeon Crawl Stone Soup version 0.29.0-13-gc9e81de378 (webtiles) character file.

Game seed: 14443134988103650871

49 gelatine the Trooper (level 3, -2/26 (30) HPs)
             Began as a Demonspawn Chaos Knight on Sept 8, 2022.
             Was a Plaything of Xom.
             Killed from afar by a white imp (13 damage)
             ... with a puff of frost
             ... summoned by Xom
             ... on level 2 of the Dungeon.
             The game lasted 00:04:46 (1825 turns).

gelatine the Trooper (Demonspawn Chaos Knight)      Turns: 1825, Time: 00:04:51

HP:   -2/26 (30)    AC:  6    Str: 14    XL:     3   Next: 51%
MP:   3/3           EV: 11    Int: 13    God:    Xom [.*....]
Gold: 94            SH:  0    Dex: 12    Spells: 0/2 levels left

rFire   . . .      SeeInvis .   a - +0 hand axe (chaos)
rCold   . . .      Faith    .   (no shield)
rNeg    . . .      Spirit   .   b - +2 leather armour
rPois   .          Reflect  .   (no helmet)
rElec   .          Harm     .   (no cloak)
rCorr   +          Rampage  .   k - +0 pair of gloves
Will    .....                   (no boots)
Stlth   +.........              (no amulet)
HPRegen 0.08/turn               d - ring of resist corrosion
MPRegen 0.08/turn               (no ring)

@: heavily drained
A: spiny 1
a: Renounce Religion


You were on level 2 of the Dungeon.
You worshipped Xom.
You were a plaything of Xom.
You visited 1 branch of the dungeon, and saw 2 of its levels.

You collected 94 gold pieces.

Inventory:

Hand Weapons
 a - a +0 hand axe of chaos (weapon)
Missiles
 e - 3 boomerangs
Armour
 b - a +2 leather armour (worn)
 k - a +0 pair of gloves (worn)
Jewellery
 d - a ring of resist corrosion (left hand)
Scrolls
 g - a scroll of teleportation {unknown}
 h - 2 scrolls of fear
 i - a scroll of poison {unknown}
 j - a scroll of identify {unknown}
Potions
 f - 4 potions of curing {unknown}
 l - a potion of lignification {unknown}
 m - a potion of cancellation {unknown}
 n - a potion of heal wounds {unknown}
Miscellaneous
 c - a piece from Xom's chessboard (12/15) (quivered)


   Skills:
 * Level 3.7 Fighting
 * Level 3.3 Axes
 * Level 1.9 Armour
 * Level 0.8 Dodging
 + Level 0.1 Stealth
 * Level 0.2 Spellcasting
 * Level 0.2 Conjurations
 * Level 0.1 Air Magic
 * Level 0.1 Evocations


You couldn't memorise any spells.
You knew the following spells:

 Your Spells              Type           Power      Damage    Failure   Level
a - Static Discharge      Conj/Air       0%         3-3/arc   47%         2

Your spell library contained the following spells:

 Spells                   Type           Power      Damage    Failure   Level
 Dispel Undead            Necr           0%         3d6       98%         4
 Sticky Flame             Conj/Fire      0%         2d3       98%         4


Dungeon Overview and Level Annotations

Branches:
Dungeon (2/15)

Altars:


Innate Abilities, Weirdness & Mutations

You are partially covered in sharp spines.


Message History

You kill the ball python!
The quokka is struck by your spines.
You kill the quokka!
You hit the goblin.
The goblin is poisoned.
The goblin is moderately wounded.
The goblin is struck by your spines.
You kill the goblin!
The goblin is struck by your spines. The goblin closely misses you.
You see here a +0 dagger.
You hit the goblin.
You kill the goblin!
A kobold comes into view. It is wielding a +0 club.
The kobold shouts!
You hear a shout!
A goblin comes into view. It is wielding a +0 club.
You closely miss the kobold. The kobold closely misses you.
You hit the kobold.
The kobold goes berserk!
Xom is highly amused!
The kobold is heavily wounded.
The kobold barely misses you. x2
You closely miss the kobold.
The kobold is heavily wounded.
The kobold is struck by your spines. The kobold hits you with a +0 club. x2
You hit the kobold.
You kill the kobold!
The goblin closely misses you.
You see here a +0 club.
You closely miss the goblin. The goblin is struck by your spines.
The goblin hits you but does no damage.
You hit the goblin but do no damage.
The goblin is poisoned.
The goblin is severely wounded.
You kill the goblin!
You hear Xom's maniacal laughter.
The white imp barely misses you.
You closely miss the white imp. You hit the iron imp but do no damage.
The iron imp is struck by your spines. The iron imp hits you.
The white imp gestures at you. The puff of frost hits you!
Ouch! That really hurt!
You die... "This toy is broken."

.# .# ##'##
##...## ##.....##
##55.....##
...####.@.......#
......))........+
...####....)....#
##...)...##
##.†...## ##...##
##'## #.# #.#


You could see an iron imp (summoned) and a white imp (summoned).

Vanquished Creatures
  A dart slug (D:1)
  3 ball pythons (D:2)
  3 bats
  2 endoplasms
  A giant cockroach (D:1)
  8 goblins (D:2)
  4 hobgoblins
  4 kobolds
  5 quokkas
  2 frilled lizards
  9 rats
42 creatures vanquished.

Notes
Turn   | Place    | Note
-------+----------+-------------------------------------------
     0 | D:1      | gelatine the Demonspawn Chaos Knight began the quest for
                  | the Orb.
     0 | D:1      | Reached XP level 1. HP: 18/18 MP: 1/1
   139 | D:1      | XOM: silly message
   237 | D:1      | Gained mutation: You are partially covered in sharp spines.
                  | [demonic ancestry]
   237 | D:1      | Reached XP level 2. HP: 24/24 MP: 2/2
   509 | D:1      | XOM: silly message
  1218 | D:2      | XOM: blink monster(s)
  1221 | D:2      | Reached XP level 3. HP: 29/29 MP: 3/3
  1301 | D:2      | Found a faded altar of an unknown god.
  1405 | D:2      | Learned a level 2 spell: Static Discharge
  1673 | D:2      | XOM: draining
  1823 | D:2      | XOM: summons 2 hostile demons
  1825 | D:2      | Killed from afar by a white imp

Illustrated notes

Levels and vault maps discovered:
D:1:      amcnicky_arrival_single_pillar, layout_loops_ring,
          chequers_serial_rivers_micro_d, hangedman_feature_mirror,
          minmay_hedge_maze
D:2:      layout_loops_corners, ebering_ecumenical_altar_box

Skill      XL: |  1 |
---------------+----+-----
Axes           | 3 |  3.3
Fighting       | |  3.7
Armour         | |  1.9
Dodging        | |  0.8
Stealth        | |  0.1
Spellcasting   | |  0.2
Conjurations   | |  0.2
Air Magic      | |  0.1
Evocations     | |  0.1

Action                   || total
-------------------------++-------
Melee: Hand axe          ||    79
       Punch             ||     1
Evoke: Piece from Xom's  ||     4
  Use: Scroll            ||     1
 Stab: Sleeping          ||     1
Armor: Leather armour    ||    26
Dodge: Dodged            ||    43
